 Dungeon Crawl Stone Soup version 0.17-a0-963-gaa5423c (webtiles) character file.

718 oplop the Gusty (level 7, 8/40 HPs)
             Began as a Tengu Air Elementalist on May 8, 2015.
             Was a Follower of Cheibriados.
             Quit the game on level 8 of the Dungeon.
             The game lasted 00:13:54 (3788 turns).

oplop the Gusty (Tengu Air Elementalist)            Turns: 3788, Time: 00:13:54

Health: 8/40       AC:  4    Str: 17    XL:     7   Next: 70%
Magic:  0/14       EV: 17    Int: 20    God:    Cheibriados [*.....]
Gold:   176        SH:  0    Dex: 17    Spells: 4 memorised, 6 levels left

rFire  . . .     SeeInvis .     u - +1 flail (holy)
rCold  . . .     Clarity  .     a - +0 robe
rNeg   + . .     SustAb   .     (no shield)
rPois  +         Gourm    .     (helmet restricted)
rElec  .         Spirit   .     (no cloak)
rCorr  .         Warding  .     p - +1 pair of gloves
rMut   .         Stasis   .     (boots unavailable)
MR     .....                    (no amulet)
Stlth  ++........               o - ring of positive energy
                                j - ring of poison resistance

@: mighty, flying quickly and evasively, very slow, not resistant to hostile
enchantments, unstealthy
A: beak, talons 3, able to fly 1
a: Bend Time, Renounce Religion


You were on level 8 of the Dungeon.
You worshipped Cheibriados.
Cheibriados was aware of your devotion.
You were hungry.

You visited 2 branches of the dungeon, and saw 7 of its levels.

You collected 176 gold pieces.

Inventory:

Hand weapons
 d - a +1 dagger
 u - a +1 flail of holy wrath (weapon)
Armour
 a - a +0 robe (worn)
 p - a +1 pair of gloves (worn)
Jewellery
 j - a ring of poison resistance (left hand)
 o - a ring of positive energy (right hand)
Magical devices
 h - a wand of draining (5)
Scrolls
 f - 3 scrolls of remove curse
 i - a scroll of blinking
 r - 2 scrolls of identify
Potions
 e - a potion of magic
 g - a potion of agility
 k - a potion of cancellation
Books
 b - a book of Air

   Spells                             Type                      Level
   a - Shock                          Conjuration/Air              1
   b - Swiftness                      Charms/Air                   2
   c - Repel Missiles                 Charms/Air                   2
   d - Flight                         Charms/Air                   3
   e - Static Discharge               Conjuration/Air              3
   f - Lightning Bolt                 Conjuration/Air              5
Comestibles
 c - 6 bread rations
 l - 6 fruits
 m - a meat ration
 t - a beef jerky


   Skills:
 + Level 2.2 Fighting
 + Level 3.7 Dodging
 - Level 2.0 Stealth
 + Level 4.2 Spellcasting
 + Level 5.3 Conjurations
 + Level 7.0 Air Magic


You had 6 spell levels left.
You knew the following spells:

 Your Spells              Type           Power        Failure   Level  Hunger
a - Shock                 Conj/Air       ####         1%          1    None
b - Static Discharge      Conj/Air       ####....     3%          3    ###....
c - Repel Missiles        Chrm/Air       ###...       4%          2    #......
s - Swiftness             Chrm/Air       ###.....     4%          2    #......


Dungeon Overview and Level Annotations

Branches:
Dungeon (8/15)             Temple (1/1) D:4
   Lair: D:8-11

Altars:
Ashenzari
Cheibriados
Dithmenos
Elyvilon
Gozag
Kikubaaqudgha
Makhleb
Okawaru
Qazlal
Ru
Sif Muna
Trog
Vehumet
Yredelemnul
Zin
Lugonu

Shops:
D:8 =


Innate Abilities, Weirdness & Mutations

You have a beak for a mouth.
You have claws for feet.
You can fly.


Message History

Unknown command.
Unknown command.
Casting: Static Discharge
Confirm with . or Enter, or press ? or * to list all spells.
The spriggan is struck by lightning.
You kill the spriggan!
Cheibriados appreciates the change of pace.
Your Fighting skill increases to level 2!
Your Air Magic skill increases to level 7!
The lightning arcs!
You are feeling hungry.
The worker ant closely misses you. Something barely misses you.
Unknown command.
Unknown command.
Unknown command.
Unknown command.
Unknown command.
Evoke which item? (* to show all) (? for menu, Esc to quit)
Okay, then.
Are you sure you want to abandon this character and quit the game? (Confirm with "yes".)

#####..##...##
#$#.#........
#.#.#.......# #
#.#.'.......## .#
....#........##... ..
#.#.............
...########.....(.......
..#...../......).a......
.#...#.........{@†......
....#...........Z.#...#.
..................# ...#
...##^............# ..#
$..............##...
...............# ...a
.∩...................
...........##........
.#....###..# .....


You could see a worker ant and a giant gecko zombie.

Vanquished Creatures
  A spriggan (D:8)
  A phantom (D:5)
  A big kobold (D:5)
  A giant frog (D:3)
  A centaur skeleton (D:4)
  2 orc wizards
  A giant frog zombie (D:5)
  A worker ant (D:5)
  9 adders
  2 worms (D:2)
  3 giant geckos
  12 orcs
  10 bats
  A bat skeleton (D:5)
  2 giant cockroaches
  8 goblins
  10 hobgoblins
  2 jackals (D:8)
  11 kobolds
  A quokka (D:5)
  5 ball pythons
  A giant gecko zombie (D:5)
  7 giant newts
  A quokka skeleton (D:4)
  7 rats
101 creatures vanquished.

Notes
Turn   | Place    | Note
--------------------------------------------------------------
     0 | D:1      | oplop, the Tengu Air Elementalist, began the quest for the Orb.
     0 | D:1      | Reached XP level 1. HP: 10/10 MP: 4/4
   166 | D:1      | Reached XP level 2. HP: 7/15 MP: 4/6
   857 | D:2      | Found a shadowy altar of Dithmenos.
   861 | D:2      | Found a white marble altar of Elyvilon.
   889 | D:2      | Reached XP level 3. HP: 19/19 MP: 7/7
   937 | D:2      | Found an iron altar of Okawaru.
  1221 | D:2      | Reached XP level 4. HP: 20/24 MP: 0/9
  1377 | D:2      | Reached skill level 5 in Air Magic
  1391 | D:2      | Learned a level 3 spell: Static Discharge
  1394 | D:2      | Learned a level 2 spell: Repel Missiles
  1397 | D:2      | Learned a level 2 spell: Swiftness
  1530 | D:3      | Found a sacrificial altar of Ru.
  1740 | D:3      | Noticed a giant frog
  1844 | D:3      | Found a burning altar of Makhleb.
  2183 | D:3      | Gained mutation: You can fly. [Tengu growth]
  2183 | D:3      | Reached XP level 5. HP: 26/28 MP: 4/10
  2484 | D:3      | Killed a giant frog
  2528 | D:3      | Reached skill level 6 in Air Magic
  2574 | D:4      | Reached XP level 6. HP: 26/32 MP: 9/12
  2636 | D:4      | Found a shattered altar of Ashenzari.
  2709 | D:4      | Found a staircase to the Ecumenical Temple.
  2763 | Temple   | Entered the Ecumenical Temple
  2809 | Temple   | Became a worshipper of Cheibriados the Contemplative
  3087 | D:5      | Entered Level 5 of the Dungeon
  3328 | D:5      | Reached skill level 1 in Fighting
  3328 | D:5      | Reached XP level 7. HP: 16/38 MP: 0/13
  3514 | D:5      | Found a stormy altar of Qazlal.
  3548 | D:5      | Acquired Cheibriados's first power
  3642 | D:5      | Reached skill level 5 in Conjurations
  3763 | D:5      | You fall through a shaft!
  3763 | D:8      | Found Tuimosk's Jewellery Shoppe.
  3771 | D:8      | Noticed a spriggan
  3787 | D:8      | Killed a spriggan
  3787 | D:8      | Reached skill level 7 in Air Magic
  3788 | D:8      | Quit the game

Action                   |  1- 3 |  4- 6 |  7- 9 || total
-------------------------+-------+-------+-------++-------
Melee: Dagger            |    83 |    63 |       ||   146
       Unarmed           |     9 |       |       ||     9
       Flail             |       |     7 |    13 ||    20
 Cast: Shock             |    39 |    77 |    15 ||   131
       Static Discharge  |       |    16 |     7 ||    23
  Use: Scroll            |       |     9 |       ||     9
       Potion            |       |       |     6 ||     6
 Stab: Sleeping          |       |     2 |     1 ||     3
  Eat: Chunk             |     1 |     3 |       ||     4
       Meat ration       |       |     1 |       ||     1
       Fruit             |       |     1 |       ||     1
       Beef jerky        |       |       |     1 ||     1
